 Dungeon Crawl Stone Soup version 0.29.1 (webtiles) character file.

Game seed: 5548310085166592829

468 EvilAshe the Slasher (level 7, -2/52 HPs)
             Began as a Human Fighter on Sept 14, 2022.
             Was an Initiate of the Shining One.
             Slain by a gnoll
             ... wielding a +0 halberd
             ... led by a gnoll bouda
              (8 damage)
             ... on level 4 of the Dungeon.
             The game lasted 00:10:44 (4707 turns).

EvilAshe the Slasher (Human Fighter)                Turns: 4707, Time: 00:10:44

Health: -2/52      AC:  7    Str: 18    XL:     7   Next: 30%
Magic:  7/7        EV:  9    Int:  8    God:    the Shining One [......]
Gold:   170        SH:  4    Dex: 13    Spells: 6/6 levels left

rFire   . . .      SeeInvis .   a - +0 long sword
rCold   + . .      Faith    +   c - +0 buckler
rNeg    . . .      Spirit   .   b - +0 scale mail
rPois   .          Reflect  .   o - +0 helmet
rElec   .          Harm     .   (no cloak)
rCorr   +          Rampage  .   (no gloves)
Will    .....                   (no boots)
Stlth   ..........              z - amulet of faith
HPRegen 0.17/turn               l - ring of resist corrosion
MPRegen 0.10/turn               v - ring of protection from cold

@: glowing
A: no striking features
a: Renounce Religion


You were on level 4 of the Dungeon.
You worshipped the Shining One.
The Shining One was noncommittal.
You visited 2 branches of the dungeon, and saw 6 of its levels.

You collected 170 gold pieces.

Inventory:

Hand Weapons
 a - a +0 long sword (weapon)
Missiles
 e - 15 poisoned darts (quivered)
 f - 57 stones
 x - 2 throwing nets
Armour
 b - a +0 scale mail (worn)
 c - a +0 buckler (worn)
 o - a +0 helmet (worn)
Jewellery
 l - a ring of resist corrosion (left hand)
 m - a ring of wizardry
 v - a ring of protection from cold (right hand)
 z - an amulet of faith (around neck)
Wands
 d - a wand of flame (25)
 y - a wand of charming (8)
Scrolls
 h - a scroll of summoning {unknown}
 i - a scroll of noise {unknown}
 j - 5 scrolls of teleportation
 p - a scroll of enchant armour {unknown}
 r - a scroll of torment {unknown}
 w - a scroll of fog {unknown}
Potions
 g - a potion of brilliance {unknown}
 k - a potion of ambrosia {unknown}
 n - 2 potions of lignification
 q - a potion of curing {unknown}
 s - a potion of resistance {unknown}
 t - a potion of heal wounds {unknown}
 u - 2 potions of mutation


   Skills:
 - Level 3.0 Fighting
 * Level 7.4 Long Blades
 - Level 3.0 Armour
 - Level 3.0 Shields


You had 6 spell levels left.
You didn't know any spells.
Your spell library contained the following spells:

 Spells                   Type           Power      Damage    Failure   Level
 Magic Dart               Conj           0%         1d3       87%         1
 Call Imp                 Summ           0%         N/A       95%         2
 Mephitic Cloud           Conj/Pois/Air  0%         N/A       99%         3


Dungeon Overview and Level Annotations

Branches:
Dungeon (5/15)             Temple (1/1) D:5

Altars:
Cheibriados
Elyvilon
Fedhas
Gozag
Kikubaaqudgha
Makhleb
Nemelex Xobeh
Okawaru
Ru
Sif Muna
Trog
Uskayaw
Vehumet
Wu Jian
Xom
The Shining One

Shops:
D:3 *   D:5 :


Message History

You kill the gnoll!
You start resting.
HP restored.
You climb downwards.
There is a stone staircase leading up here.
The gnoll shouts!
The gnoll unwields a +0 halberd.
The gnoll wields a +0 sling.
The gnoll shoots a sling bullet.
The sling bullet closely misses you.
The gnoll shoots a sling bullet.
You block the sling bullet.
The gnoll zaps a wand.
The bolt of light hits you!
The gnoll shoots a sling bullet.
The sling bullet hits you.
The gnoll shoots a sling bullet.
The sling bullet hits you.
The gnoll unwields a +0 sling.
The gnoll wields a +0 halberd.
The gnoll barely misses you.
You slash the gnoll!
The gnoll is heavily wounded.
The gnoll zaps a wand.
The bolt of light hits you!
You are confused.
You miss the gnoll.
The gnoll is heavily wounded.
The gnoll barely misses you.
You bump into the rock wall.
The gnoll hits you with a +0 halberd!
* * * LOW HITPOINT WARNING * * *
You bump into the rock wall.
You feel less confused. The gnoll closely misses you.
You hit the gnoll but do no damage.
The gnoll is heavily wounded.
The gnoll barely misses you.
You hit the gnoll.
The gnoll is severely wounded.
The gnoll barely misses you.
You hit the gnoll.
The gnoll is almost dead.
The gnoll hits you with a +0 halberd.
* * * LOW HITPOINT WARNING * * *
You hit the gnoll but do no damage.
The gnoll is almost dead.
The gnoll hits you with a +0 halberd!
You die...

#.#### .. #...<# .. #....##
.. #..... .. #....## ..
#....# .# #######....##
##########.#
#........g@.####..?(.(..(.#
##...##..##......##########
###....#######..## ##...#
##..## #...# #<.)###
#...##### #.#...#
#.......####.###.#
#.#..##...##.# #.####
#.##.####.#..# #....##


You could see a gnoll.

Vanquished Creatures
  Sigmund (D:3)
  A howler monkey (D:5)
  An orc priest (D:4)
  A jelly (D:3)
  A gnoll bouda (D:4)
  5 gnolls
  2 adders (D:2)
  5 worms
  4 dart slugs
  3 orcs
  13 bats
  8 endoplasms
  6 giant cockroaches
  4 goblins
  5 hobgoblins
  2 jackals (D:1)
  8 kobolds
  5 quokkas
  4 ball pythons
  3 frilled lizards (D:1)
  8 rats
90 creatures vanquished.

Notes
Turn   | Place    | Note
-------+----------+-------------------------------------------
     0 | D:1      | EvilAshe the Human Fighter began the quest for the Orb.
     0 | D:1      | Reached XP level 1. HP: 18/18 MP: 1/1
    89 | D:1      | Reached XP level 2. HP: 16/24 MP: 2/2
   303 | D:1      | Reached skill level 3 in Long Blades
   370 | D:1      | You fall into a shaft and drop 1 floor!
   440 | D:2      | Reached XP level 3. HP: 19/29 MP: 3/3
  1121 | D:1      | Found a faded altar of an unknown god.
  1150 | D:1      | Reached skill level 4 in Long Blades
  1150 | D:1      | Reached XP level 4. HP: 35/35 MP: 4/4
  1929 | D:3      | Reached XP level 5. HP: 23/41 MP: 5/5
  2076 | D:2      | Reached skill level 5 in Long Blades
  2548 | D:3      | Noticed Sigmund
  2552 | D:3      | Found Xieqed's Assorted Antiques.
  2560 | D:3      | Killed Sigmund
  2561 | D:3      | Reached skill level 6 in Long Blades
  2561 | D:3      | Reached XP level 6. HP: 17/47 MP: 6/6
  2844 | D:4      | Found a sparkling altar of Nemelex Xobeh.
  3593 | D:5      | Entered Level 5 of the Dungeon
  3605 | D:5      | Found Ehigih's Vocational Training.
  3607 | D:5      | Found a staircase to the Ecumenical Temple.
  3646 | D:5      | Reached skill level 7 in Long Blades
  3646 | D:5      | Reached XP level 7. HP: 48/52 MP: 7/7
  3653 | Temple   | Entered the Ecumenical Temple
  3861 | Temple   | Became a worshipper of the Shining One
  4707 | D:4      | Slain by a gnoll

Illustrated notes

Levels and vault maps discovered:
D:1:      sevenhm_arrival_forest_fort_large_4, layout_rooms,
          hellmonk_ecumenical_altar_heavens_door
D:2:      layout_loops_ring, serial_park_tiny_1
D:3:      layout_basic, serial_shops, nicolae_shop_advertising_works
          [nicolae_subvault_shop_adworks], uniq_sigmund
D:4:      layout_rooms, nemelex_diamond_rough_becter, grunt_decor_mini_mirrors,
          uniq_blork_the_orc
D:5:      black_bear_nest_2, layout_loops_corners, minmay_temple_entry_statues,
          grunt_decor_junction, grunt_ministairs_1, minmay_shop_grid_forest,
          nicolae_shop_vocational, uniq_pikel
Temple:   mainiacjoe_temple_cubbyholes

Skill      XL: |  1  2  3  4  5  6 |
---------------+-------------------+-----
Long Blades    | 3 4 6 7 |  7.4
Fighting       | |  3.0
Armour         | |  3.0
Shields        | |  3.0

Action                   |  1- 3 |  4- 6 |  7- 9 || total
-------------------------+-------+-------+-------++-------
Melee: Long sword        |   117 |   152 |    52 ||   321
Throw: Dart              |       |    14 |     7 ||    21
Evoke: Wand              |       |       |     2 ||     2
  Use: Potion            |       |     1 |       ||     1
       Scroll            |       |     4 |       ||     4
Armor: Scale mail        |    60 |    54 |    10 ||   124
Dodge: Dodged            |    59 |    67 |    19 ||   145
Block: Buckler           |    19 |    20 |     5 ||    44
